 Dungeon Crawl Stone Soup version 0.30.1-3-gfc49f6343a (webtiles) character file.

Game seed: 7196648589796683819

1372 Descartes the Digger (level 8, -7/58 HPs)
             Began as a Formicid Fighter on July 23, 2023.
             Was an Initiate of Gozag.
             Mangled by grothendieck's ghost (13 damage)
             ... on level 4 of the Dungeon.
             The game lasted 00:06:33 (3860 turns).

Descartes the Digger (Formicid Fighter)             Turns: 3860, Time: 00:06:33

Health: -7/58      AC: 10    Str: 30    XL:     8   Next: 98%
Magic:  8/8        EV: 10    Int:  7    God:    Gozag
Gold:   476        SH: 11    Dex: 13    Spells: 7/7 levels left

rFire   . . .        a - +0 war axe
rCold   . . .        c - +0 buckler
rNeg    . . .        n - +3 ring mail
rPois   +            (helmet unavailable)
rElec   .            f - +0 cloak
rCorr   .            (no gloves)
SInv    +            (no boots)
Will    .....        y - amulet of reflection
Stlth   +            i - ring of poison resistance
HPRegen 0.29/turn    r - +6 ring of strength
MPRegen 0.11/turn

%: reflection
@: mighty
A: permanent stasis, dig shafts and tunnels, antennae 3, four strong arms
a: Dig, Shaft Self, Renounce Religion, Potion Petition, Call Merchant, Bribe
Branch


You were on level 4 of the Dungeon.
You worshipped Gozag.
Gozag was aware of your devotion.
You visited 2 branches of the dungeon, and saw 5 of its levels.

You collected 529 gold pieces.
You paid 53 gold pieces to Gozag.

Inventory:

Hand Weapons
 a - a +0 war axe (weapon)
Missiles
 h - 3 poisoned darts
Armour
 b - a +0 scale mail
 c - a +0 buckler (worn)
 f - a +0 cloak (worn)
 n - a +3 ring mail (worn)
Jewellery
 i - a ring of poison resistance (left hand)
 r - a +6 ring of strength (right hand)
 t - a ring of flight
 y - an amulet of reflection (around neck)
Wands
 A - a wand of iceblast (13)
 D - a wand of digging (9)
 F - a wand of flame (20)
Scrolls
 e - 2 scrolls of teleportation {unknown}
 j - 2 scrolls of amnesia {unknown}
 m - a scroll of summoning {unknown}
 o - a scroll of fear {unknown}
 p - a scroll of enchant armour {unknown}
 q - 7 scrolls of identify {unknown}
 s - a scroll of enchant weapon {unknown}
 u - a scroll of immolation {unknown}
 w - 2 scrolls of fog {unknown}
 x - 2 scrolls of vulnerability {unknown}
Potions
 d - a potion of might
 g - a potion of cancellation {unknown}
 k - 3 potions of mutation {unknown}
 l - a potion of ambrosia {unknown}
 v - a potion of resistance {unknown}
 z - a potion of invisibility {unknown}
 B - a potion of curing {unknown}
 C - a potion of magic {unknown}
 E - a potion of lignification {unknown}


   Skills:
 - Level 3.2 Fighting
 + Level 4.9 Axes
 + Level 5.9 Armour
 + Level 7.3 Shields
 * Level 7.7 Earth Magic


You had 7 spell levels left.
You didn't know any spells.
Your spell library contained the following spells:

 Spells                   Type           Power      Damage    Failure   Level
 Necrotise                Necr           0%         1d4       58%         1
 Vampiric Draining        Necr           0%         2d6       91%         3
 Borgnjor's Vile Clutch   Necr/Erth      2%         N/A       99%         5
 Agony                    Necr           0%         N/A       100%        5
 Alistair's Intoxication  Tmut/Pois      0%         N/A       100%        5
 Eringya's Noxious Bog    Tmut/Pois      0%         N/A       100%        6


Dungeon Overview and Level Annotations

Branches:
Dungeon (4/15)             Temple (1/1) D:4

Altars:
Ashenzari
Elyvilon
Gozag
Kikubaaqudgha
Makhleb
Nemelex Xobeh
Okawaru
Wu Jian
Xom
The Shining One

Shops:
D:4 ?

Annotations:
D:4 grothendieck's ghost, amateur MiFi


Innate Abilities, Weirdness & Mutations

You cannot be hasted, slowed, berserked, paralysed or teleported.
You can dig through walls and to a lower floor.
You have a pair of large antennae on your head. (SInv)
Your four strong arms can wield two-handed weapons with a shield.


Message History

You slash the goblin!
You kill the goblin!
You closely miss grothendieck's ghost. Grothendieck's ghost hits you!
Unknown command.
Things that are here:
4 gold pieces; a +0 dagger You slash grothendieck's ghost!
Grothendieck's ghost is moderately damaged.
The goblin is no longer distracted by gold.
You block grothendieck's ghost's attack.
You completely miss grothendieck's ghost.
Grothendieck's ghost is moderately damaged.
Grothendieck's ghost hits you!
You hit grothendieck's ghost but do no damage.
Grothendieck's ghost is moderately damaged.
Grothendieck's ghost hits you!
* * * LOW HITPOINT WARNING * * *
Grothendieck's ghost misses you.
You hit grothendieck's ghost.
Grothendieck's ghost is moderately damaged.
Grothendieck's ghost lets out a mournful wail.
Grothendieck's ghost barely misses you.
Unknown command.
You feel very mighty all of a sudden. Grothendieck's ghost hits you.
* * * LOW HITPOINT WARNING * * *
You hit grothendieck's ghost.
Grothendieck's ghost is heavily damaged.
You block grothendieck's ghost's attack.
You slash grothendieck's ghost!
Grothendieck's ghost is heavily damaged.
Grothendieck's ghost hits you.
* * * LOW HITPOINT WARNING * * *
Grothendieck's ghost hits you.
* * * LOW HITPOINT WARNING * * *
You slash grothendieck's ghost!
Grothendieck's ghost is almost destroyed.
Grothendieck's ghost hits you!
You die...
Your body crumbles into a pile of gold.

...>#
#..#.#.....#.#.....♣..♣
....#
#..#..#...#..#...##♣♣♣♣
....#
#..#....©....#...##.#
.####
#..#..#...#..#..###.#
.# #..#$#.....#.#..#
#.# .#
#..#©!.......#..# #.#
.# #..##8.)..g8##..#
#.# .#
#...#########...# #.#
.# #.......©W@.....#
#.# .#
##.............## #.#
.# ######..####### #.#
.# #.## #.# .# #.# #.#
.# #.# #.# .# #.# #.#
## #.# #.# #.# #.#


You could see grothendieck's ghost and a goblin.

Vanquished Creatures
  Grinder (Temple)
  Sigmund (D:4)
  2 black bears
  An ogre (D:4)
  A phantom (D:4)
  A scorpion (D:4)
  A howler monkey (D:4)
  An orc priest (D:4)
  3 hounds (D:4)
  2 iguanas (D:4)
  2 sleepcaps (D:3)
  Natasha (thrice) (D:4)
  An orc wizard (D:4)
  Robin (D:2)
  8 adders
  3 gnolls (D:2)
  An ufetubus (D:4)
  A worm (D:4)
  2 dart slugs
  13 orcs
  6 ball pythons
  6 endoplasms
  4 giant cockroaches
  17 goblins
  15 hobgoblins
  A jackal (D:4)
  6 quokkas
  6 bats
  2 frilled lizards
  7 kobolds
  7 rats
126 creatures vanquished.

Notes
Turn   | Place    | Note
-------+----------+-------------------------------------------
     0 | D:1      | Descartes the Formicid Fighter began the quest for the Orb.
     0 | D:1      | Reached XP level 1. HP: 18/18 MP: 1/1
   155 | D:1      | Reached skill level 1 in Earth Magic
   155 | D:1      | Reached XP level 2. HP: 24/24 MP: 2/2
   399 | D:1      | Reached XP level 3. HP: 29/29 MP: 3/3
   698 | D:2      | Identified the +0 helmet of Hehour Fibbi {rN+++ MP-9 Dex+3
                  | Stlth+}
   698 | D:2      | Noticed Robin
   704 | D:2      | Reached XP level 4. HP: 28/35 MP: 4/4
   706 | D:2      | Killed Robin
   929 | D:2      | Reached XP level 5. HP: 41/41 MP: 5/5
  1017 | D:2      | Found an iron altar of Okawaru.
  1286 | D:3      | Reached skill level 5 in Shields
  1348 | D:3      | Reached XP level 6. HP: 12/47 MP: 6/6
  1569 | D:3      | Noticed a black bear
  1582 | D:3      | Killed a black bear
  1691 | D:3      | Found an opulent altar of Gozag.
  1701 | D:3      | Became a worshipper of Gozag Ym Sagoz the Greedy
  1827 | D:3      | Found a faded altar of an unknown god.
  2076 | D:4      | Noticed Grinder
  2119 | D:4      | Found a staircase to the Ecumenical Temple.
  2120 | D:4      | Noticed Sigmund
  2286 | D:4      | Reached skill level 5 in Earth Magic
  2286 | D:4      | Reached XP level 7. HP: 52/52 MP: 7/7
  2514 | D:4      | Found a transporter.
  2514 | D:4      | Noticed grothendieck's ghost (amateur MiFi)
  2538 | D:4      | Reached skill level 5 in Armour
  2587 | D:4      | Found a transporter.
  2599 | D:4      | Found an ornate altar of the Wu Jian Council.
  2628 | D:4      | Killed Sigmund
  2629 | D:4      | Reached XP level 8. HP: 45/58 MP: 8/8
  2702 | Temple   | Entered the Ecumenical Temple
  2719 | Temple   | Killed Grinder
  3041 | D:4      | Found Buticiwk's Magic Scroll Shoppe.
  3367 | D:4      | Noticed Natasha
  3373 | D:4      | Killed Natasha
  3677 | D:4      | Noticed Natasha
  3682 | D:4      | Killed Natasha
  3684 | D:4      | Noticed Natasha
  3700 | D:4      | Killed Natasha
  3860 | D:4      | Mangled by grothendieck's ghost

Illustrated notes

Levels and vault maps discovered:
D:1:      matt_arrival_refuge, layout_basic, dk_noncrumbling_4
D:2:      layout_rooms, basic_altar, uniq_robin
D:3:      layout_basic, nicolae_gozag_cash_rules_everything_around_me,
          shapermc_ecumenical_altar_mp_urbaneastern, grunt_ministairs_15,
          hellmonk_no_cap
D:4:      minmay_chambers_of_threes, layout_basic, mainiacjoe_overflow_alcove_1,
          minmay_temple_entry_mist, gammafunk_ghost_arena,
          kennysheep_windowed_goal, uniq_natasha, uniq_sigmund, uniq_grinder
Temple:   hellmonk_temple_forest_ring

Skill      XL: |  1  2  3  4  5  6  7  8 |
---------------+-------------------------+-----
Earth Magic    | 1 2 3 5 6 7 |  7.7
Armour         | 4 5 |  5.9
Shields        | 5 6 7 |  7.3
Axes           | 3 4 |  4.9
Fighting       | |  3.2

Action                     |  1- 3 |  4- 6 |  7- 9 || total
---------------------------+-------+-------+-------++-------
  Melee: War axe           |    62 |   126 |   158 ||   346
Ability: Dig               |       |       |     1 ||     1
    Use: Potion            |       |       |     1 ||     1
 Armour: Scale mail        |    55 |    10 |       ||    65
         Ring mail         |       |    53 |    50 ||   103
  Dodge: Dodged            |    44 |    59 |    44 ||   147
  Block: Buckler           |    21 |    48 |    65 ||   134
         Reflection        |       |       |     1 ||     1
